 Seeded DCSS version 0.31-a0-609-g7bf6ffcfed (webtiles) character file.

Game seed: 3612390645625327883 (custom seed)

290 innerfire43 the Ruffian (level 6, 0/70 HPs)
             Began as a Gnoll Shapeshifter on Aug 21, 2023.
             Slain by a gnoll
             ... wielding a +0 halberd of freezing
              (10 damage)
             ... on level 4 of the Dungeon.
             The game lasted 00:02:11 (1932 turns).

innerfire43 the Ruffian (Gnoll Shapeshifter)        Turns: 1932, Time: 00:02:11

Health: 0/70       AC: 23    Str: 17    XL:     6   Next: 32%
Magic:  8/9        EV:  2    Int:  7    God:
Gold:   631        SH:  0    Dex: 12    Spells: 9/9 levels left

rFire   . .          .
                       - Unarmed
rCold   . . .        (no shield)
rNeg    . . .        i - melded +2 animal skin
rPois   +            j - melded +0 helmet
rElec   .            (cloak currently unavailable)
rCorr   .            (gloves currently unavailable)
SInv    .            (boots currently unavailable)
Will    .....        (no amulet)
Stlth   ++           (no ring)
HPRegen 0.31/turn    (no ring)
MPRegen 0.11/turn

%: no passive effects
@: tree-form
A: stationary, stasis, torment immunity, boosted hp, (fangs 1), strong nose,
distributed training
a: no special abilities


You were on level 4 of the Dungeon.
You were a tree.
You visited 1 branch of the dungeon, and saw 4 of its levels.

You collected 631 gold pieces.

Inventory:

Armour
 a - a +0 animal skin
 i - a +2 animal skin (melded)
 j - a +0 helmet (melded)
Talismans
 c - a beast talisman
 d - a flux talisman
Scrolls
 g - 2 scrolls of identify {unknown}
 h - a scroll of vulnerability {unknown}
 k - a scroll of teleportation {unknown}
 m - 2 scrolls of summoning
Potions
 b - a potion of lignification
 e - a potion of berserk rage {unknown}
 f - 2 potions of enlightenment {unknown}
 n - 2 potions of brilliance {unknown}


   Skills:
 + Level 3.2 Fighting
 + Level 2.0 Short Blades
 + Level 2.0 Long Blades
 + Level 2.0 Axes
 + Level 2.0 Maces & Flails
 + Level 2.0 Polearms
 + Level 2.0 Staves
 + Level 2.0 Ranged Weapons
 + Level 2.0 Throwing
 + Level 2.0 Armour
 + Level 5.0 Dodging
 + Level 2.0 Stealth
 + Level 2.0 Shields
 + Level 6.8 Unarmed Combat
 + Level 2.0 Spellcasting
 + Level 1.5 Conjurations
 + Level 1.5 Hexes
 + Level 1.5 Summonings
 + Level 1.5 Necromancy
 + Level 1.5 Translocations
 + Level 1.5 Transmutations
 + Level 1.5 Fire Magic
 + Level 1.5 Ice Magic
 + Level 1.5 Air Magic
 + Level 1.5 Earth Magic
 + Level 1.5 Poison Magic
 + Level 2.1 Invocations
 + Level 2.0 Evocations
 + Level 6.7 Shapeshifting


You had 9 spell levels left.
You didn't know any spells.
Your spell library was empty.

Dungeon Overview and Level Annotations

Branches:
Dungeon (3/15)

Altars:
Sif Muna


Innate Abilities, Weirdness & Mutations

You are a tree.
Your roots penetrate the ground, keeping you stationary.
You cannot be teleported.
You are immune to unholy pain and torment.
Your maximum health is greatly increased.
Your equipment is partially melded.
((You have very sharp teeth.))
Your uncanny sense of smell can sniff out nearby items.
Your experience applies equally to all skills.


Message History

The adder bites you but does no damage.
You smack the adder!
The adder is almost dead.
The adder bites you but does no damage. The gnoll hits you but does no damage.
You barely miss the adder.
The adder is almost dead.
The adder bites you but does no damage.
The gnoll hits you from afar with a +0 halberd of freezing!
* * * LOW HITPOINT WARNING * * *
The gnoll freezes you.
* * * LOW HITPOINT WARNING * * *
You smack the adder!
You kill the adder!
Your Short Blades skill increases to level 2!
Your Long Blades skill increases to level 2!
Your Axes skill increases to level 2!
Your Maces & Flails skill increases to level 2!
Your Polearms skill increases to level 2!
Your Staves skill increases to level 2!
Your Ranged Weapons skill increases to level 2!
Your Throwing skill increases to level 2!
Your Armour skill increases to level 2!
Your Stealth skill increases to level 2!
Your Shields skill increases to level 2!
Your Spellcasting skill increases to level 2!
Your Evocations skill increases to level 2!
This is a scroll of acquirement!
Something appears at your feet! The gnoll hits you but does no damage.
You now have 631 gold pieces (gained 546).
The gnoll hits you but does no damage.
As you read the scroll labelled FISEIV KOXKIESH, it crumbles to dust.
Wisps of shadow whirl around you...
It was a scroll of summoning.
The gnoll hits you from afar with a +0 halberd of freezing.
* * * LOW HITPOINT WARNING * * *
The gnoll freezes you.
* * * LOW HITPOINT WARNING * * *
As you read the scroll labelled TUDWEN CUAKHYM, it dissolves into smoke.
It was a scroll of fog.
The gnoll hits you from afar with a +0 halberd of freezing!
You die...

#......#. ......#. ∆
.!.S.. ∆ ..o.# #...#
#...# #...#
..######g## #.#.§J♣gS#
#.#.###### #
#.#......# #...
#.#..###.## ##...
#.#.......## ....##+##
#.#......%..
###.....###.##..<...##
............#......##
###..)..###......#.#


You could see a gnoll (ally target), a friendly jelly (summoned), a friendly
hobgoblin (summoned) and a friendly ball python (summoned).

Vanquished Creatures
  An orc warrior (D:4)
  A hound (D:4)
  2 orc priests (D:4)
  Robin (D:2)
  5 adders
  A dart slug (D:2)
  4 orcs (D:4)
  3 endoplasms (D:1)
  A giant cockroach (D:2)
  4 goblins (D:2)
  3 hobgoblins (D:2)
  2 jackals (D:2)
  6 kobolds
  A quokka (D:2)
  6 ball pythons
  3 bats
  10 frilled lizards
  2 rats (D:1)
56 creatures vanquished.

Notes
Turn   | Place    | Note
-------+----------+-------------------------------------------
     0 | D:1      | innerfire43 the Gnoll Shapeshifter began the quest for the
                  | Orb.
     0 | D:1      | Reached XP level 1. HP: 17/17 MP: 1/1
   296 | D:1      | Found a faded altar of an unknown god.
   356 | D:1      | Reached XP level 2. HP: 17/23 MP: 2/2
   729 | D:2      | Reached XP level 3. HP: 28/28 MP: 3/3
   783 | D:2      | Reached skill level 1 in Invocations
   879 | D:2      | Reached skill level 1 in Short Blades
   879 | D:2      | Reached skill level 1 in Long Blades
   879 | D:2      | Reached skill level 1 in Axes
   879 | D:2      | Reached skill level 1 in Maces & Flails
   879 | D:2      | Reached skill level 1 in Polearms
   879 | D:2      | Reached skill level 1 in Staves
   879 | D:2      | Reached skill level 1 in Ranged Weapons
   879 | D:2      | Reached skill level 1 in Throwing
   879 | D:2      | Reached skill level 1 in Armour
   879 | D:2      | Reached skill level 1 in Stealth
   879 | D:2      | Reached skill level 1 in Shields
   879 | D:2      | Reached skill level 1 in Spellcasting
   879 | D:2      | Reached skill level 1 in Evocations
  1103 | D:2      | Reached XP level 4. HP: 29/34 MP: 5/5
  1134 | D:2      | Noticed Robin
  1144 | D:2      | Killed Robin
  1256 | D:2      | Reached skill level 1 in Conjurations
  1256 | D:2      | Reached skill level 1 in Hexes
  1256 | D:2      | Reached skill level 1 in Summonings
  1256 | D:2      | Reached skill level 1 in Necromancy
  1256 | D:2      | Reached skill level 1 in Translocations
  1256 | D:2      | Reached skill level 1 in Transmutations
  1256 | D:2      | Reached skill level 1 in Fire Magic
  1256 | D:2      | Reached skill level 1 in Ice Magic
  1256 | D:2      | Reached skill level 1 in Air Magic
  1256 | D:2      | Reached skill level 1 in Earth Magic
  1256 | D:2      | Reached skill level 1 in Poison Magic
  1685 | D:3      | You fall into a shaft and drop 1 floor!
  1694 | D:4      | Noticed an orc warrior
  1714 | D:4      | Killed an orc warrior
  1715 | D:4      | Reached XP level 5. HP: 20/41 MP: 5/7
  1845 | D:4      | Found a shimmering blue altar of Sif Muna.
  1916 | D:4      | Reached XP level 6. HP: 27/47 MP: 8/8
  1924 | D:4      | Reached skill level 5 in Dodging
  1929 | D:4      | Identified a scroll of acquirement
  1929 | D:4      | Acquired 546 gold pieces
  1932 | D:4      | Slain by a gnoll

Illustrated notes

Levels and vault maps discovered:
D:1:      dpeg_arrival_water_temple_mockup, layout_loops_ring,
          chequers_ecumenical_altar_simple_redux,
          hangedman_abyss_or_decor_stabs, chequers_serial_rivers_small_a,
          minmay_lizard_pond
D:2:      layout_loops_ring, minmay_3d_cube, uniq_robin
D:3:      layout_loops_corners, grunt_gozag_statues, minmay_liquid_box
D:4:      layout_basic, mainiacjoe_overflow_concentric_impassable,
          grunt_dithmenos_smoke, serial_shops, nicolae_shop_tiny_real_fake_doors

Skill      XL: |  1  2  3  4  5  6 |
---------------+-------------------+-----
Invocations    | 1 2 |  2.1
Short Blades   | 1 2 |  2.0
Long Blades    | 1 2 |  2.0
Axes           | 1 2 |  2.0
Maces & Flails | 1 2 |  2.0
Polearms       | 1 2 |  2.0
Staves         | 1 2 |  2.0
Ranged Weapons | 1 2 |  2.0
Throwing       | 1 2 |  2.0
Armour         | 1 2 |  2.0
Stealth        | 1 2 |  2.0
Shields        | 1 2 |  2.0
Spellcasting   | 1 2 |  2.0
Evocations     | 1 2 |  2.0
Conjurations   | 1 |  1.5
Hexes          | 1 |  1.5
Summonings     | 1 |  1.5
Necromancy     | 1 |  1.5
Translocations | 1 |  1.5
Transmutations | 1 |  1.5
Fire Magic     | 1 |  1.5
Ice Magic      | 1 |  1.5
Air Magic      | 1 |  1.5
Earth Magic    | 1 |  1.5
Poison Magic   | 1 |  1.5
Fighting       | 3 |  3.2
Dodging        | 5 |  5.0
Unarmed Combat | |  6.8
Shapeshifting  | |  6.7

Action                     |  1- 3 |  4- 6 || total
---------------------------+-------+-------++-------
  Melee: Unarmed           |    89 |    79 ||   168
         Bite              |    10 |    11 ||    21
         Punch             |       |     1 ||     1
    Use: Potion            |       |     1 ||     1
         Scroll            |       |     3 ||     3
 Armour: Animal skin       |    19 |     7 ||    26
         Skin              |       |    14 ||    14
  Dodge: Dodged            |    62 |    47 ||   109
   Form: Flux              |     1 |       ||     1

Table legend: (Time is in decaauts)
 A = Elapsed time spent in this place.
 B = Non-inter-level travel time spent in this place.
 C = Inter-level travel time spent in this place.
 D = Time resting spent in this place.
 E = Time spent auto-exploring this place.
 F = Levels seen in this place.
 G = Mean time per level.
                   A        B        C        D        E       F      G
               +--------+--------+--------+--------+--------+-----+--------+
         Total |   1912 |   1842 |     70 |      0 |   1512 |   4 |  478.0 |
       Dungeon |   1912 |   1842 |     70 |      0 |   1512 |   4 |  478.0 |
               +--------+--------+--------+--------+--------+-----+--------+

Top non-repeatable levels by time:
     D:2: 957 daAuts
     D:1: 705 daAuts
     D:4: 241 daAuts
     D:3: 7 daAuts
